 Dungeon Crawl Stone Soup version 0.31.0-11-ge490571c62 (webtiles) character file.

Game seed: 11724592944265443275

51261 MollyMolluskus the Brawler (level 14, -1/104 HPs)
             Began as an Octopode Fighter on Jan 30, 2024.
             Was a High Priest of Wu Jian.
             Slain by a cane toad (51 damage)
             ... on level 5 of the Lair of Beasts.
             The game lasted 00:57:53 (16225 turns).

MollyMolluskus the Brawler (Octopode Fighter)      Turns: 16225, Time: 00:57:54

Health: -1/104     AC:  1    Str: 31    XL:     14   Next: 58%
Magic:  14/14      EV:  2    Int: 12    God:    Wu Jian [*****.]
Gold:   797        SH:  0    Dex: 17    Spells: 13/13 levels left

rFire   + .          .
                       - Unarmed
rCold   . . .        l - +2 kite shield
rNeg    + . .        e - +0 mask of the Dragon {Will+ Slay+3 SInv}
rPois   .            F - amulet of reflection
rElec   .            f - +5 ring of evasion
rCorr   .            s - +6 ring of strength
SInv    +            u - +6 ring of strength
Will    ++...        d - ring of positive energy
Stlth   ++           D - ring of flight
HPRegen 0.37/turn    h - ring of protection from fire
MPRegen 0.14/turn    G - +6 ring of dexterity
                     (no ring)

%: reflection
@: exhausted, sleeping, marked, in a heavenly storm, flying, glowing, studying
Dodging
A: almost no armour, amphibious, 8 rings, camouflage 1, gelatinous body 1,
(nimble swimmer 1), tentacles
a: Renounce Religion, Wall Jump, Serpent's Lash, Heavenly Storm


You were on level 5 of the Lair of Beasts.
You worshipped Wu Jian.
Wu Jian was extremely pleased with you.
You visited 3 branches of the dungeon, and saw 18 of its levels.

You collected 1273 gold pieces.
You spent 476 gold pieces at shops.

Inventory:

Hand Weapons
 n - a +4 dagger of venom
 y - a +5 dagger
Missiles
 k - 29 poisoned darts
 t - 10 boomerangs (quivered)
 B - a throwing net
 J - 3 curare-tipped darts
Armour
 e - the +0 mask of the Dragon (worn) {Will+ Slay+3 SInv}
   (You acquired it on level 11 of the Dungeon)

   Slay+3:    It affects your accuracy & damage with ranged weapons and melee
   (+3).
   Will+:     It increases your willpower.
   SInv:      It lets you see invisible.
 l - a +2 kite shield (worn)
Jewellery
 d - a ring of positive energy (on tentacle)
 f - a +5 ring of evasion (left tentacle)
 h - a ring of protection from fire (on tentacle)
 s - a +6 ring of strength (right tentacle)
 u - a +6 ring of strength (on tentacle)
 v - a ring of magical power
 D - a ring of flight (on tentacle)
 F - an amulet of reflection (around mantle)
 G - a +6 ring of dexterity (on tentacle)
 H - a ring of magical power
Talismans
 M - a granite talisman
 N - a maw talisman
Wands
 j - a wand of flame (32)
 o - a wand of iceblast (10)
 q - a wand of charming (7)
 z - a wand of digging (5)
 E - a wand of mindburst (1)
 K - a wand of polymorph (5)
Scrolls
 a - 3 scrolls of teleportation
 g - a scroll of blinking
 p - 3 scrolls of fog
 r - 2 scrolls of identify
 x - a scroll of immolation
 I - a scroll of fear
Potions
 b - a potion of might
 c - 2 potions of mutation
 i - 2 potions of curing
 m - 4 potions of enlightenment
 w - 4 potions of attraction
 A - 3 potions of haste
 C - 2 potions of resistance
Miscellaneous
 L - a box of beasts


   Skills:
 - Level 12.6 Fighting
 - Level 10.3 Dodging
 - Level 4.0 Stealth
 - Level 6.0 Shields
 - Level 16.9 Unarmed Combat
 * Level 8.5 Shapeshifting


You had 13 spell levels left.
You didn't know any spells.
Your spell library contained the following spells:

 Spells                   Type           Power      Damage    Failure   Level
 Apportation              Tloc           0%         N/A       50%         1
 Foxfire                  Conj/Fire      0%         2x1d4     50%         1
 Sting                    Conj/Alch      0%         1d3       50%         1
 Jinxbite                 Hex            0%         N/A       65%         2
 Mercury Vapours          Alch/Air       0%         N/A       65%         2
 Cause Fear               Hex            0%         N/A       99%         4
 Olgreb's Toxic Radiance  Alch           0%         N/A       99%         4
 Summon Lightning Spire   Summ/Air       0%         N/A       99%         4
 Alistair's Intoxication  Alch           0%         N/A       100%        5
 Borgnjor's Vile Clutch   Necr/Erth      0%         N/A       100%        5
 Fireball                 Conj/Fire      0%         3d3       100%        5
 Lee's Rapid Deconstruct  Erth           0%         3d4*      100%        5
 Eringya's Noxious Bog    Alch           0%         4d6       100%        6
 Plasma Beam              Fire/Air       0%         2x1d10    100%        6
 Starburst                Conj/Fire      0%         6d3       100%        6
 Dragon's Call            Summ           0%         N/A       100%        9
 Animate Armour           Summ/Erth      Unusable   N/A       N/A         4

Dungeon Overview and Level Annotations

Branches:
Dungeon (12/15)            Temple (1/1) D:6            Lair (5/5) D:11
 Shoals (0/4) Lair:3        Snake (0/4) Lair:3        Slime (0/5) Lair:4
    Orc (0/2) D:9

Altars:
Ashenzari
Cheibriados
Dithmenos
Elyvilon
Fedhas
Gozag
Hepliaklqana
Kikubaaqudgha
Makhleb
Nemelex Xobeh
Okawaru
Qazlal
Ru
Sif Muna
Trog
Uskayaw
Vehumet
Wu Jian
Xom
Yredelemnul
Zin
The Shining One
Jiyva

Shops:
D:1 (*[   D:4 ?   D:6 ![?*(   D:8 ::*!   D:12 (

Annotations:
D:7 2 transporters


Innate Abilities, Weirdness & Mutations

You cannot wear most types of armour.
You are amphibious.
You can wear up to eight rings at the same time.
Your skin changes colour to match your surroundings (Stealth+).
Your rubbery body absorbs attacks. (AC +1, EV +1)
((You are camouflaged when in or above water. (Stealth+)))
You have tentacles for arms and can constrict up to eight enemies at once.


Message History

The blink frog blinks!
A dream sheep comes into view.
You see here a cane toad corpse.
Unknown command.
You spin and attack the blink frog.
You batter the blink frog!!
You kill the blink frog!
The Council accepts your kill.
The dream sheep moves out of view.
You see here a yak corpse.
Unknown command.
A quicksilver ooze comes into view.
Your muscles tense, ready for explosive movement...
A jelly comes into view.
Found a stone staircase leading up.
You spin and attack the quicksilver ooze repeatedly, with incredible momentum.
You bludgeon the quicksilver ooze!
The quicksilver ooze is moderately wounded.
You batter the quicksilver ooze!! You tentacle-slap the quicksilver ooze.
You kill the quicksilver ooze!
The Council accepts your kill.
Unknown command.
The dream sheep ruffles its wool and motes of dream dust sparkle, to no effect.
You spin and attack the jelly, with incredible momentum.
You batter the jelly!!
You kill the jelly!
The Council accepts your kill.
Your supernatural speed expires.
Unknown command.
The dream sheep ruffles its wool and motes of dream dust sparkle, to no effect.
A cane toad comes into view.
A jelly and a dream sheep come into view.
Unknown command.
You spin and attack the dream sheep.
You batter the dream sheep!!
You kill the dream sheep!
The Council accepts your kill.
The bush looks more healthy.
The dream sheep shake their wool and sparkle.
You feel drowsy...
You fall asleep.
The cane toad stings you!!!
You die...

#### .#.###### ##
##..#.#.P# ##.##P
##........# #####.....<
#.......°P# #.☼○○☼.....
#.........####P○☼°J.....
#.........†§F°§☼##
##...☼......YY@###
#..○☼☼......#☼##
#.☼°☼.†<.$####
#°.○.....## #†....Y††##
#○°°.†.FP.# #§○..Y.(..#
#§§..☼...## #........#.#


You could see a cane toad and 2 dream sheep.

Vanquished Creatures
  Gastronok (Lair:2)
  A quicksilver ooze (Lair:5)
  Azrael (D:12)
  Erolcha (D:12)
  4 hydras
  Erica (D:11)
  A boulder beetle (D:12)
  3 two-headed ogres
  5 death yaks (Lair:4)
  The ghost of howech the Cleaver, a novice MiBe of Trog (D:7)
  A skyshark (Lair:4)
  A fire crab (Lair:4)
  Lodul (D:10)
  A goliath frog (Lair:3)
  2 lindwurms
  A deep elf pyromancer (D:12)
  An ugly thing (D:11)
  Maurice (D:7)
  A cyclops (D:6)
  11 black mambas
  Joseph (D:7)
  A gargoyle (D:12)
  9 cane toads
  3 rime drakes
  14 komodo dragons
  5 trolls
  6 polar bears
  A glass eye (Lair:4)
  Prince Ribbit (D:5)
  15 blink frogs
  A dream sheep (Lair:5)
  A centaur simulacrum (D:11)
  4 shadows
  4 wyverns
  5 basilisks
  4 fire elementals (D:12)
  29 yaks
  A warg (Lair:5)
  3 vampire mosquitoes (D:12)
  Menkaure (D:7)
  2 steam dragons (D:8)
  2 acid dragons
  21 water moccasins
  4 hell hounds
  A swamp drake (D:9)
  3 black bears
  5 orc warriors
  8 ogres
  8 ice beasts
  8 wolves
  5 centaurs
  A phantom (D:5)
  3 kobold brigands
  12 bullfrogs
  2 gnoll sergeants
  A scorpion (D:6)
  11 wights
  23 killer bees
  10 howler monkeys
  2 electric eels (Lair:3)
  5 orc priests
  A bombardier beetle (D:6)
  9 hounds
  4 jellies
  A gnoll bouda (D:9)
  5 iguanas
  A sleepcap (D:6)
  Ijyb (D:5)
  12 orc wizards
  5 hell rats (Lair:2)
  Robin (D:3)
  13 gnolls
  6 adders
  2 shadow imps
  5 white imps
  2 ufetubi (D:6)
  3 dart slugs
  A ribbon worm (D:3)
  36 orcs
  6 endoplasms
  A giant cockroach (D:4)
  12 goblins
  12 hobgoblins
  2 jackals (D:4)
  2 quokkas (D:1)
  10 ball pythons
  7 bats
  3 frilled lizards (D:1)
  12 kobolds
  6 rats
467 creatures vanquished.

Vanquished Creatures (others)
  A wight (D:8)
  An orc wizard (D:7)
2 creatures vanquished.

Grand Total: 469 creatures vanquished

Notes
Turn   | Place    | Note
-------+----------+-------------------------------------------
     0 | D:1      | MollyMolluskus the Octopode Fighter began the quest for the
                  | Orb.
     0 | D:1      | Reached XP level 1. HP: 16/16 MP: 1/1
   162 | D:1      | Reached XP level 2. HP: 15/21 MP: 2/2
   241 | D:1      | Found Urapn's Assorted Antiques.
   267 | D:1      | Bought a scroll labelled BUNNOESINO for 19 gold pieces
   299 | D:1      | Reached skill level 1 in Stealth
   330 | D:1      | Found Goyxku's Armour Boutique.
   406 | D:1      | Reached XP level 3. HP: 26/26 MP: 3/3
   671 | D:1      | Found Wuizugh's Antique Weapon Shoppe.
   829 | D:1      | Bought 2 red potions for 34 gold pieces
  1179 | D:2      | Reached XP level 4. HP: 31/31 MP: 4/4
  1243 | D:2      | Reached skill level 3 in Unarmed Combat
  1857 | D:3      | Reached XP level 5. HP: 10/36 MP: 5/5
  2035 | D:1      | Bought an emerald potion for 17 gold pieces
  2035 | D:1      | Bought a metallic white potion for 17 gold pieces
  2204 | D:3      | Found a faded altar of an unknown god.
  2211 | D:3      | Noticed Robin
  2232 | D:3      | Killed Robin
  2508 | D:4      | Found Areargh's Magic Scroll Boutique.
  2578 | D:4      | Reached XP level 6. HP: 43/43 MP: 6/6
  3785 | D:5      | Entered Level 5 of the Dungeon
  3794 | D:5      | Reached skill level 4 in Unarmed Combat
  3897 | D:5      | Reached XP level 7. HP: 44/48 MP: 7/7
  3929 | D:5      | Found a glowing golden altar of the Shining One.
  4017 | D:5      | Reached skill level 5 in Shields
  4434 | D:5      | Noticed Ijyb
  4459 | D:5      | Reached skill level 5 in Unarmed Combat
  4465 | D:5      | Killed Ijyb
  4469 | D:5      | Reached XP level 8. HP: 54/54 MP: 8/8
  4526 | D:5      | Noticed Prince Ribbit
  4556 | D:5      | Killed Prince Ribbit
  4557 | D:5      | Reached skill level 5 in Fighting
  4739 | D:4      | Bought a scroll of fear for 48 gold pieces
  4739 | D:4      | Bought a scroll of identify for 24 gold pieces
  4769 | D:6      | Found Leist's General Store.
  4873 | D:6      | Found a staircase to the Ecumenical Temple.
  4881 | Temple   | Entered the Ecumenical Temple
  4886 | Temple   | Became a worshipper of the Wu Jian Council
  4897 | D:6      | Found Demupre's Antique Armour Boutique.
  4949 | D:6      | Reached skill level 5 in Dodging
  4949 | D:6      | Reached skill level 6 in Unarmed Combat
  4995 | D:6      | Noticed a cyclops
  5008 | D:6      | Killed a cyclops
  5009 | D:6      | Reached XP level 9. HP: 37/61 MP: 9/9
  5103 | D:6      | Reached skill level 7 in Unarmed Combat
  5316 | D:6      | Found Lerepn's Distillery.
  5320 | D:6      | Bought a potion of lignification for 42 gold pieces
  5320 | D:6      | Bought a potion of degeneration for 14 gold pieces
  5479 | D:6      | Found Kioqoev's Weapon Shoppe.
  5533 | D:6      | Found a radiant altar of Vehumet.
  5624 | D:6      | Reached skill level 8 in Unarmed Combat
  5657 | D:6      | Found Cez Bast's Magic Scroll Shop.
  5675 | D:6      | Reached * piety under Wu Jian
  5885 | D:7      | Noticed Menkaure
  5894 | D:7      | Killed Menkaure
  5901 | D:7      | Noticed Maurice
  5909 | D:7      | Noticed Joseph
  5916 | D:7      | Something stole 4 boomerangs
  5917 | D:7      | Something stole a ring of magical power
  5918 | D:7      | Something stole a +3 dagger of venom
  5918 | D:7      | HP: 2/63 [something (8)]
  6390 | D:7      | Something stole 63 gold
  6391 | D:7      | Killed Maurice
  6392 | D:7      | Reached skill level 9 in Unarmed Combat
  6392 | D:7      | Reached XP level 10. HP: 65/71 MP: 10/10
  6430 | D:7      | Found a runed translucent door.
  6457 | D:7      | Noticed howech's ghost (novice MiBe)
  6579 | D:7      | Found a transporter.
  6656 | D:7      | Found a transporter.
  6659 | D:7      | Noticed an orc knight
  6851 | D:7      | Killed Joseph
  7006 | D:7      | Killed howech's ghost
  7007 | D:7      | Reached skill level 10 in Unarmed Combat
  7115 | D:7      | Noticed a two-headed ogre
  7155 | D:8      | Found Liluap's Distillery.
  7158 | D:8      | Bought a potion of attraction for 45 gold pieces
  7300 | D:8      | Found Qown's Assorted Antiques.
  7303 | D:8      | Bought a scroll labelled VUANLE NIAR for 27 gold pieces
  7815 | D:8      | Found a snail-covered altar of Cheibriados.
  7960 | D:8      | Found a shimmering altar of Xom.
  8156 | D:8      | Found Dyxomnog's Book Boutique.
  8157 | D:8      | Found Fiolargh's Book Boutique.
  8313 | D:9      | Reached ** piety under Wu Jian
  8611 | D:8      | Reached skill level 11 in Unarmed Combat
  8611 | D:8      | Reached XP level 11. HP: 77/77 MP: 11/11
  8878 | D:9      | Found a basalt altar of Yredelemnul.
  9180 | D:9      | HP: 3/78 [orc priest/divine providence (14)]
  9469 | D:9      | Found a staircase to the Orcish Mines.
  9489 | D:9      | Noticed a two-headed ogre
  9502 | D:9      | Killed a two-headed ogre
  9766 | D:10     | Entered Level 10 of the Dungeon
  9767 | D:10     | Noticed Lodul
  9861 | D:10     | Reached *** piety under Wu Jian
 10003 | D:10     | Killed Lodul
 10004 | D:10     | Reached skill level 12 in Unarmed Combat
 10407 | D:8      | Bought a glowing iron ring for 135 gold pieces
 10407 | D:8      | Bought a scroll of identify for 54 gold pieces
 10719 | D:11     | Found a staircase to the Lair.
 10739 | D:11     | Noticed a white ugly thing
 10755 | D:11     | Killed a white ugly thing
 10959 | D:11     | Identified a scroll of acquirement
 10959 | D:11     | Acquired the +0 mask of the Dragon {Will+ Slay+3 SInv}
 10959 | D:11     | Found the +0 mask of the Dragon {Will+ Slay+3 SInv}
 11001 | D:11     | Reached XP level 12. HP: 87/87 MP: 12/12
 11044 | D:11     | Reached skill level 13 in Unarmed Combat
 11215 | D:11     | Noticed Erica
 11218 | D:11     | Killed Erica
 11231 | D:11     | Reached skill level 10 in Fighting
 11267 | D:11     | Noticed a two-headed ogre
 11275 | D:11     | Killed a two-headed ogre
 11687 | D:12     | Noticed Azrael
 11709 | D:12     | Reached **** piety under Wu Jian
 11784 | D:12     | Found Mynod's Weapon Shop.
 12038 | D:12     | Noticed Erolcha
 12038 | D:12     | Noticed a two-headed ogre
 12041 | D:12     | Killed a two-headed ogre
 12042 | D:12     | Reached skill level 14 in Unarmed Combat
 12049 | D:12     | Killed Erolcha
 12368 | D:12     | Killed Azrael
 12462 | D:12     | Noticed a boulder beetle
 12469 | D:12     | Killed a boulder beetle
 12537 | Lair:1   | Entered Level 1 of the Lair of Beasts
 12839 | Lair:1   | Reached skill level 15 in Unarmed Combat
 12860 | Lair:1   | Reached XP level 13. HP: 79/95 MP: 13/13
 12943 | Lair:1   | Acquired a manual of Dodging
 13615 | Lair:2   | Reached ***** piety under Wu Jian
 13775 | Lair:2   | Reached skill level 16 in Unarmed Combat
 13877 | Lair:2   | Noticed Gastronok
 13888 | Lair:2   | Killed Gastronok
 14871 | Lair:3   | Found a staircase to the Snake Pit.
 15163 | Lair:3   | Reached skill level 10 in Dodging
 15239 | Lair:3   | Found a staircase to the Shoals.
 15513 | Lair:3   | Reached skill level 1 in Shapeshifting
 15694 | Lair:3   | Reached XP level 14. HP: 104/104 MP: 14/14
 16125 | Lair:4   | Reached skill level 5 in Shapeshifting
 16160 | Lair:4   | Found a viscous altar of Jiyva.
 16160 | Lair:4   | Found a staircase to the Slime Pits.
 16180 | Lair:5   | Entered Level 5 of the Lair of Beasts
 16220 | Lair:5   | Noticed a quicksilver ooze
 16222 | Lair:5   | Killed a quicksilver ooze
 16225 | Lair:5   | Slain by a cane toad

Illustrated notes

Levels and vault maps discovered:
D:1:      ncdulo_lavacross, layout_rooms, serial_shops, shop, shop,
          nicolae_shop_stone, dreamdust_princess_bridge, hangedman_decor_push,
          minmay_misc_feat_encased, minmay_pentomino_t4
D:2:      layout_loops_ring, dk_noncrumbling_2
D:3:      layout_basic, basic_ecumenical_altar, uniq_robin
D:4:      layout_layer_cave, serial_shops, shop, nicolae_nh_ransacked_shop
D:5:      layout_rooms, tso_altar, uniq_ijyb, uniq_prince_ribbit1
D:6:      minmay_opposing_rooms, layout_loops_ring,
          mainiacjoe_overflow_brackets, temple_fountains, serial_shops, shop,
          nicolae_shop_bloodbath_and_beyond, nicolae_shop_waterfront, shop,
          shop, columned_hall_lemuel, glass_columns_a
D:7:      gammafunk_beogh_shrine, layout_basic, gammafunk_ghost_grave,
          uniq_menkaure, uniq_maurice, uniq_joseph
D:8:      layout_gridville, mainiacjoe_overflow_two_lobes, serial_shops,
          nicolae_shop_hallway_stairs, nicolae_shop_window_shopping, shop,
          nicolae_shop_behind_doors, minmay_diced_spiral
D:9:      layout_basic, mainiacjoe_overflow_cross_hatched, erik_orc_1
D:10:     layout_rooms, uniq_lodul
D:11:     layout_roguey, hellmonk_lair_entry_icy, uniq_erica
D:12:     layout_roguey, serial_shops, shop, uniq_erolcha, uniq_azrael
Temple:   sentei_temple_godly_chess
Lair:1:   cheibrodos_lair_river_kwai, layout_chaotic_city, serial_bayou_pond_c,
          grunt_megastairs_1
Lair:2:   layout_small_grid, nicolae_lair_lindhole, uniq_gastronok
Lair:3:   layout_concentric_octagons, elwin_shoals_entry_rooms,
          minmay_snake_entry_six_corridors, hellmonk_talismancer,
          serial_bayou_shore_a, lemuel_fruit_tree, serial_bayou_shore_b
Lair:4:   layout_hall_layers, minmay_slime_entry_eyes, roderic_batcave,
          beast_lair_carwin_3
Lair:5:   wormcave, layout_gridlike, hangedman_lair_caniforms_friends,
          chequers_serial_rivers_room_b, nicolae_lair_time_for_slime,
          infiniplex_staircase_pool_2

Skill      XL: |  1  2  3  4  5  6  7  8  9 10 11 12 13 14 |
---------------+-------------------------------------------+-----
Stealth        | 1 2 3 4 |  4.0
Unarmed Combat | 3 4 5 6 9 11 12 15 16 | 16.9
Shields        | 4 5 6 |  6.0
Fighting       | 4 5 7 8 9 11 12 | 12.6
Dodging        | 4 5 7 8 9 10 | 10.3
Shapeshifting  | 2 8 |  8.5

Action                     |  1- 3 |  4- 6 |  7- 9 | 10-12 | 13-15 || total
---------------------------+-------+-------+-------+-------+-------++-------
  Melee: Unarmed           |    79 |   115 |   213 |   471 |   313 ||  1191
         Constrict         |    26 |    42 |    37 |    63 |    44 ||   212
         Tentacles         |    15 |    26 |    44 |    78 |    73 ||   236
         Punch             |     2 |     1 |    10 |    33 |    26 ||    72
  Throw: Stone             |     2 |     1 |       |       |       ||     3
         Boomerang         |       |       |     4 |     8 |     1 ||    13
         Dart              |       |       |       |       |     9 ||     9
 Invoke: Serpent's Lash    |       |       |       |       |     1 ||     1
         Heavenly Storm    |       |       |       |       |     1 ||     1
Ability: Lunge             |       |       |    17 |    60 |    42 ||   119
         Whirlwind         |       |       |     1 |    35 |    96 ||   132
         Wall Jump         |       |       |       |    16 |    15 ||    31
  Evoke: Wand              |       |       |       |     6 |     5 ||    11
    Use: Scroll            |     5 |    10 |     5 |     9 |     4 ||    33
         Potion            |       |     2 |     6 |     6 |     2 ||    16
   Stab: Sleeping          |    10 |     7 |     7 |    20 |    12 ||    56
         Invisible         |       |       |       |     4 |       ||     4
         Distracted        |       |       |       |     1 |     1 ||     2
 Armour: Skin              |    23 |    37 |    56 |    80 |    58 ||   254
  Dodge: Dodged            |    29 |    79 |   128 |   172 |    91 ||   499
  Block: Buckler           |     9 |     1 |       |       |       ||    10
         Kite shield       |       |    37 |    98 |   168 |   127 ||   430
         Reflection        |       |       |       |     2 |     1 ||     3
